 Dungeon Crawl Stone Soup version 0.29.0-11-gd7f09526c8 (webtiles) character file.

Game seed: 14405037635981749952

294 tilp the Ducker (level 6, -2/47 HPs)
             Began as a Demonspawn Gladiator on Sept 4, 2022.
             Was a Believer of Ru.
             Slain by a wyvern (13 damage)
             ... on level 4 of the Dungeon.
             The game lasted 00:03:58 (2621 turns).

tilp the Ducker (Demonspawn Gladiator)              Turns: 2621, Time: 00:03:59

Health: -2/47      AC:  8    Str: 16    XL:     6   Next: 11%
Magic:  6/6        EV: 11    Int:  9    God:    Ru [**....]
Gold:   190        SH:  0    Dex: 15    Spells: 5/5 levels left

rFire   + . .      SeeInvis .   a - +1 flail (freeze)
rCold   . . .      Faith    .   (no shield)
rNeg    . . .      Spirit   .   o - +0 scale mail
rPois   .          Reflect  .   (helmet restricted)
rElec   .          Harm     .   (no cloak)
rCorr   .          Rampage  .   (no gloves)
Will    .....                   (no boots)
Stlth   +.........              (no amulet)
HPRegen 0.15/turn               g - ring of protection from fire
MPRegen 0.10/turn               (no ring)

@: no status effects
A: horns 1, icy blue scales 1, powered by pain 1, spiny 1, inability to use
devices
a: Renounce Religion


You were on level 4 of the Dungeon.
You worshipped Ru.
Ru was pleased with you.
You visited 1 branch of the dungeon, and saw 4 of its levels.

You collected 190 gold pieces.

Inventory:

Hand Weapons
 a - a +1 flail of freezing (weapon)
Missiles
 d - 3 throwing nets
 e - a javelin
 i - 54 stones
 j - 8 poisoned darts (quivered)
Armour
 b - a +0 leather armour
 k - an orb of energy
 o - a +0 scale mail (worn)
 p - the +0 robe of Rewyseo {rPois rCorr Archmagi}
   (You took it off a kobold on level 2 of the Dungeon)

   rPois:     It protects you from poison.
   rCorr:     It protects you from acid and corrosion.
   Archmagi:  It increases the power of your magical spells.
Jewellery
 g - a ring of protection from fire (left hand)
Scrolls
 q - a scroll of poison
 r - a scroll of teleportation
Potions
 c - a potion of might
 f - 2 potions of haste
 h - a potion of ambrosia {unknown}
 l - a potion of heal wounds {unknown}
 m - 6 potions of curing {unknown}
 n - 2 potions of invisibility {unknown}
 s - a potion of flight {unknown}
 t - a potion of degeneration {unknown}


   Skills:
 + Level 3.3 Fighting
 + Level 3.6 Maces & Flails
 + Level 3.0 Throwing
 + Level 3.9 Dodging
 - Level 2.0 Stealth


You had 5 spell levels left.
You didn't know any spells.
Your spell library contained the following spells:

 Spells                   Type           Power      Damage    Failure   Level
 Static Discharge         Conj/Air       0%         3-3/arc   93%         2
 Dispel Undead            Necr           0%         3d6       100%        4
 Fulminant Prism          Conj/Hex       0%         3d6       100%        4
 Iskenderun's Mystic Bla  Conj/Tloc      0%         2d3       100%        4
 Leda's Liquefaction      Hex/Erth       0%         N/A       100%        4
 Sticky Flame             Conj/Fire      0%         2d3       100%        4
 Lee's Rapid Deconstruct  Erth           0%         3d5*      100%        5
 Statue Form              Tmut/Erth      0%         N/A       100%        6


Dungeon Overview and Level Annotations

Branches:
Dungeon (4/15)
 Temple: D:4-7

Altars:
Kikubaaqudgha
Okawaru
Qazlal
Ru
Sif Muna
Xom

Annotations:
D:4 2 transporters


Innate Abilities, Weirdness & Mutations

You have a pair of small horns on your head.
You are partially covered in icy blue scales. (AC +2)
You sometimes gain a little power by taking damage.
You are partially covered in sharp spines.
You cannot study or use magical devices.


Message History

The wyvern moves out of view.
Found 13 gold pieces.
The wyvern bites you.
A wyvern is nearby!
You hit the wyvern but do no damage. The wyvern bites you. x2
You barely miss the wyvern.
The wyvern is stunned by your conviction and fails to attack.
You barely miss the wyvern.
You headbutt the wyvern, but do no damage.
The wyvern closely misses you. The wyvern is struck by your spines.
The wyvern closely misses you.
You sock the wyvern! You freeze the wyvern.
The wyvern is moderately wounded.
The wyvern completely misses you. The wyvern closely misses you.
You barely miss the wyvern.
The wyvern is moderately wounded.
The wyvern bites you.
The wyvern bites you but does no damage.
You hit the wyvern but do no damage.
The wyvern is moderately wounded.
The wyvern is struck by your spines.
The wyvern bites you but does no damage.
The wyvern bites you!
You are too injured to fight recklessly!
You are too injured to fight recklessly!
Unknown command.
You hit the wyvern but do no damage.
The wyvern is heavily wounded.
The wyvern barely misses you. The wyvern bites you!
* * * LOW HITPOINT WARNING * * *
Unknown command.
You hit the wyvern. You freeze the wyvern.
The wyvern is heavily wounded.
The wyvern bites you but does no damage.
The wyvern is struck by your spines. The wyvern bites you.
* * * LOW HITPOINT WARNING * * *
Unknown command.
You hit the wyvern. You freeze the wyvern.
The wyvern is severely wounded.
The wyvern is struck by your spines. The wyvern bites you!
You die...

#..#.######
#..#...##. .##
#..#...#.. ..#
#..#...#.### #.#
#..#...#.#.#####.#
#..#.#.#.^#.##$#.#
#..#.###.###.# ..#
#..#.#.#..#.####l#
#......#.###.#..@#
#......#..#.#.#)##
#..†...#.########
#......#.#.#
#..........#
##.....#####
.......#
.......####
...........


You could see a wyvern.

Vanquished Creatures
  A steam dragon (D:4)
  A scorpion (D:4)
  A hound (D:4)
  2 adders
  3 worms
  2 dart slugs
  3 orcs (D:4)
  4 ball pythons
  6 endoplasms
  4 giant cockroaches
  8 goblins
  7 hobgoblins
  A quokka (D:1)
  3 bats (D:1)
  3 frilled lizards
  4 kobolds
  8 rats
61 creatures vanquished.

Notes
Turn   | Place    | Note
-------+----------+-------------------------------------------
     0 | D:1      | tilp the Demonspawn Gladiator began the quest for the Orb.
     0 | D:1      | Reached XP level 1. HP: 16/16 MP: 1/1
    97 | D:1      | Gained mutation: You have a pair of small horns on your
                  | head. [demonic ancestry]
    97 | D:1      | Reached XP level 2. HP: 15/22 MP: 2/2
   250 | D:1      | Found a faded altar of an unknown god.
   700 | D:2      | Reached skill level 1 in Stealth
   705 | D:2      | Gained mutation: You are partially covered in icy blue
                  | scales. (AC +2) [demonic ancestry]
   705 | D:2      | Reached XP level 3. HP: 26/28 MP: 3/3
   732 | D:2      | Identified the +0 robe of Rewyseo {rPois rCorr Archmagi}
   901 | D:2      | Found a sacrificial altar of Ru.
   975 | D:2      | Became a worshipper of Ru the Awakened
  1405 | D:3      | Gained mutation: You sometimes gain a little power by
                  | taking damage. [demonic ancestry]
  1405 | D:3      | Reached XP level 4. HP: 25/34 MP: 4/4
  1740 | D:3      | Found a stormy altar of Qazlal.
  1743 | D:3      | Found a shimmering altar of Xom.
  1746 | D:3      | Found an iron altar of Okawaru.
  1746 | D:3      | Found a shimmering blue altar of Sif Muna.
  1753 | D:3      | Found an ancient bone altar of Kikubaaqudgha.
  2139 | D:4      | Found a transporter.
  2155 | D:4      | Found a transporter.
  2191 | D:4      | Noticed a steam dragon
  2206 | D:4      | Killed a steam dragon
  2207 | D:4      | Reached XP level 5. HP: 14/41 MP: 5/5
  2208 | D:4      | Gained mutation: You cannot study or use magical devices.
                  | [Ru sacrifice]
  2208 | D:4      | Reached * piety under Ru
  2208 | D:4      | Reached ** piety under Ru
  2453 | D:4      | Gained mutation: You are partially covered in sharp spines.
                  | [demonic ancestry]
  2453 | D:4      | Reached XP level 6. HP: 32/47 MP: 6/6
  2611 | D:4      | Noticed a wyvern
  2621 | D:4      | Slain by a wyvern

Illustrated notes

Levels and vault maps discovered:
D:1:      dpeg_arrival_connections, layout_rooms,
          shapermc_ecumenical_altar_ellora
D:2:      layout_rooms, basic_altar, minmay_misc_feat_encased
D:3:      layout_rooms, nicolae_overflow_hallway_of_the_gods,
          grunt_decor_resistance
D:4:      gammafunk_steamed_eel, layout_basic, nicolae_ru_awakened_eye,
          minmay_small_thing

Skill      XL: |  1  2  3  4  5 |
---------------+----------------+-----
Throwing       | 2 3 |  3.0
Stealth        | 1 2 |  2.0
Dodging        | 3 |  3.9
Maces & Flails | 3 |  3.6
Fighting       | 3 |  3.3

Action                   |  1- 3 |  4- 6 || total
-------------------------+-------+-------++-------
Melee: Flail             |   108 |    49 ||   157
       Headbutt          |    21 |     4 ||    25
Throw: Dart              |       |     1 ||     1
Invok: Sacrifice Artific |       |     1 ||     1
  Use: Scroll            |     3 |     5 ||     8
 Stab: Sleeping          |     1 |       ||     1
Armor: Leather armour    |    33 |       ||    33
       Scale mail        |     3 |    18 ||    21
Dodge: Dodged            |    78 |    19 ||    97
